 Dungeon Crawl Stone Soup version 0.26.1-11-gd32895ea62 (webtiles) character file.

Game seed: 13044949814218609775

118 OdinFK the Grave Robber (level 4, -11/32 HPs)
             Began as a Mummy Necromancer on June 8, 2021.
             Killed by divine providence
             ... invoked by an orc priest
              (15 damage)
             ... on level 3 of the Dungeon.
             The game lasted 00:09:57 (2366 turns).

OdinFK the Grave Robber (Mummy Necromancer)         Turns: 2366, Time: 00:09:58

Health: -11/32     AC:  2    Str: 11    XL:     4   Next: 72%
Magic:  0/8        EV: 12    Int: 15    God:
Gold:   250        SH:  0    Dex: 12    Spells: 7/9 levels left

rFire    x . .     SeeInvis .   g - +0 flail (drain)
rCold    + . .     Faith    .   (no shield)
rNeg     + + +     Spirit   .   a - +0 robe
rPois    ∞         Reflect  .   (no helmet)
rElec    .         Harm     .   (no cloak)
rCorr    .         Rampage  .   (no gloves)
Will     .....                  (no boots)
Stlth    ++........             (no amulet)
HPRegen  0.10/turn              (no ring)
MPRegen  0.11/turn              (no ring)

@: no status effects
A: no potions, fire vulnerability, cold resistance 1, negative energy resistance
3, torment resistance, unbreathing
a: no special abilities


You were on level 3 of the Dungeon.
You visited 1 branch of the dungeon, and saw 3 of its levels.

You collected 250 gold pieces.

Inventory:

Hand Weapons
 g - a +0 flail of draining (weapon)
 h - a +0 short sword
Armour
 a - a +0 robe (worn)
 c - a +2 leather armour of positive energy
Scrolls
 b - 2 scrolls of identify {unknown}
 d - a scroll of blinking {unknown}
 e - a scroll of amnesia {unknown}
 f - a scroll of enchant armour {unknown}
 i - a scroll of teleportation {unknown}
 u - 2 scrolls of remove curse


   Skills:
 - Level 1.0 Fighting
 - Level 2.0 Dodging
 - Level 1.5 Stealth
 - Level 3.0 Spellcasting
 + Level 5.7 Necromancy


You had 7 spell levels left.
You knew the following spells:

 Your Spells              Type           Power        Failure   Level
a - Pain                  Necr           76%          1%          1
b - Animate Skeleton      Necr           38%          1%          1

Your spell library contained the following spells:

 Spells                   Type           Power        Failure   Level
 Vampiric Draining        Necr           9%           5%          3
 Animate Dead             Necr           9%           19%         4
 Agony                    Necr           19%          45%         5


Dungeon Overview and Level Annotations

Branches:
Dungeon (3/15)

Altars:
Dithmenos

Annotations:
D:3 Grinder


Innate Abilities, Weirdness & Mutations

You do not drink.
Your flesh is vulnerable to fire.
You are immune to poison.
Your flesh is cold resistant. (rC+)
You are immune to negative energy. (rN+++)
You are immune to unholy pain and torment.
You can survive without breathing.


Message History

You drain the orc priest.
The orc priest is almost dead.
The orc priest closely misses you.
You barely miss the orc priest.
The orc priest is almost dead.
The orc priest hits you but does no damage.
Casting: Pain (safe; 1% risk of failure)
Confirm with . or Enter, or press ? or * to list all spells.
Aiming: Pain (safe; 1% risk of failure)
Press: ? - help, Shift-Dir - straight line, f/p - orc priest
Aim: an orc priest, wielding a +0 dagger (almost dead, heavily drained, chance to affect: 83%)
The orc priest writhes in agony.
The orc priest hits you with a +0 dagger.
* * * LOW HITPOINT WARNING * * *
You barely miss the orc priest.
The orc priest is almost dead.
The orc priest looks satisfied for a moment.
The orc priest mumbles some strange prayers to Beogh against you.
Beogh smites you!
You die...

##.##.#.# ##..)###.##.#
#.......# ##....[....##
#(.######
##.#.........####
#.#.#.#......... ###
#.#.#.##.####### .$.
#.#...#### .. #.#.### #
#####)###.#.############
......o@..#.............
#####.#####.############
.. .... # ## ###..# #..#
#..# #..# #..#


You could see an orc priest (drained).

Vanquished Creatures
  2 orc priests (D:3)
  An ooze (D:1)
  A worm (D:2)
  2 leopard geckos (D:1)
  3 orcs
  4 giant cockroaches
  6 goblins
  5 hobgoblins
  4 jackals (D:2)
  A kobold (D:2)
  A quokka (D:2)
  5 bats
  4 frilled lizards
  8 rats
47 creatures vanquished.

Notes
Turn   | Place    | Note
-------+----------+-------------------------------------------
     0 | D:1      | OdinFK the Mummy Necromancer began the quest for the Orb.
     0 | D:1      | Reached XP level 1. HP: 13/13 MP: 4/4
   107 | D:1      | Learned a level 1 spell: Animate Skeleton
   439 | D:1      | Reached XP level 2. HP: 16/20 MP: 3/5
   999 | D:1      | Reached skill level 1 in Fighting
  1506 | D:2      | Reached XP level 3. HP: 18/26 MP: 4/7
  1606 | D:2      | Found a shadowy altar of Dithmenos.
  2201 | D:3      | Reached skill level 5 in Necromancy
  2201 | D:3      | Reached XP level 4. HP: 16/32 MP: 2/8
  2278 | D:3      | Noticed Grinder
  2366 | D:3      | Killed from afar by an orc priest

Illustrated notes

Levels and vault maps discovered:
D:1:      dpeg_arrival_circle_labyrinth_c, layout_basic
D:2:      layout_basic, grunt_dithmenos_smoke_and_mirrors,
          chequers_decorated_corner
D:3:      layout_loops_ring, patterned_corridor, uniq_grinder

Skill      XL: |  1  2  3 |
---------------+----------+-----
Spellcasting   | 3 |  3.0
Fighting       | 1 |  1.0
Dodging        | 2 |  2.0
Necromancy     | 5 |  5.7
Stealth        | |  1.5

Action                   |  1- 3 |  4- 6 || total
-------------------------+-------+-------++-------
Melee: Dagger            |    26 |       ||    26
       Club              |    17 |       ||    17
       Short sword       |    11 |       ||    11
       Flail             |       |     8 ||     8
 Cast: Pain              |    81 |    12 ||    93
       Animate Skeleton  |     3 |       ||     3
  Use: Scroll            |     1 |       ||     1
 Stab: Sleeping          |     5 |     1 ||     6
Armor: Robe              |     8 |     2 ||    10
Dodge: Dodged            |    42 |     6 ||    48
